[Event "Team 45 45 League T94"]
[Site "Internet Chess Club"]
[Date "2022.10.20"]
[Round "2"]
[White "Lawkeito"]
[Black "ARMAND02019"]
[Result "1-0"]
[WhiteElo "1622"]
[BlackElo "1600"]
[Opening "QGD Slav defense"]
[ECO "D10"]
[Time "20:31:48"]
[PlyCount "45"]
[TimeControl "2700+45"]

1. d4 d5 2. c4 c6 3. Nc3 Nf6 4. e3 Bf5 5. cxd5 cxd5 6. Qb3 Bc8 7. Nf3 e6 8. Ne5
Bd6 9. Be2 O-O 10. f4 Nc6 11. O-O Nd7 12. Bb5 Ndxe5 13. fxe5 Be7 14. Bd2 f5 15.
Bxc6 bxc6 16. Na4 Ba6 17. Rfe1 Rb8 18. Qc2 Qe8 19. Rac1 Rc8 20. Nc5 Bxc5 21.
Qxc5 Rf7 22. Qa3 Bd3 23. Qxd3 {Black resigns} 1-0

[Event "Team 45 45 League T94"]
[Site "Internet Chess Club"]
[Date "2022.10.24"]
[Round "2"]
[White "jfkingiii"]
[Black "fvafier"]
[Result "1/2-1/2"]
[WhiteElo "1482"]
[BlackElo "1526"]
[Opening "French: Winawer (Nimzovich) variation"]
[ECO "C15"]
[Time "19:00:23"]
[PlyCount "116"]
[TimeControl "2700+45"]

1. e4 e6 2. d4 d5 3. Nc3 Bb4 4. exd5 exd5 5. Nf3 Nf6 6. Bd2 O-O 7. a3 Re8+ 8.
Be3 Bxc3+ 9. bxc3 Bg4 10. Bd3 c6 11. O-O Nbd7 12. c4 Nb6 13. cxd5 Nbxd5 14. Bd2
Qd7 15. Be2 Qc7 16. Ne5 Bxe2 17. Qxe2 c5 18. Qc4 cxd4 19. Qxc7 Nxc7 20. Rfe1
Rac8 21. Nf3 Nb5 22. a4 Nd6 23. Nxd4 Nc4 24. Bg5 h6 25. Bxf6 gxf6 26. Nf3 Ne5
27. Nd4 Red8 28. Rad1 Rc4 29. Nf5 Rxd1 30. Rxd1 Rxc2 31. Nxh6+ Kg7 32. Nf5+ Kg6
33. Ne3 Ra2 34. f4 Rxa4 35. fxe5 fxe5 36. Rb1 b6 37. Nd5 f6 38. Rf1 b5 39. Rxf6+
Kg5 40. Rf1 b4 41. Rb1 a5 42. Nb6 Ra2 43. Nc4 e4 44. Nxa5 Rxa5 45. Rxb4 Kf4 46.
Rb1 Ke3 47. Kf1 Ra2 48. Re1+ Kd3 49. h4 e3 50. h5 Rf2+ 51. Kg1 Kd2 52. Ra1 Rf6
53. Ra2+ Kd3 54. Ra3+ Kd2 55. Ra2+ Kd3 56. Ra3+ Kd4 57. Ra4+ Kd3 58. Ra3+ Kd2
{Game drawn by mutual agreement} 1/2-1/2

[Event "Team 45 45 League T94"]
[Site "Internet Chess Club"]
[Date "2022.10.20"]
[Round "2"]
[White "Denis240964"]
[Black "oldsj"]
[Result "1-0"]
[WhiteElo "1390"]
[BlackElo "1447"]
[Opening "Sicilian defense"]
[ECO "B20"]
[Time "09:31:48"]
[PlyCount "75"]
[TimeControl "2700+45"]

1. e4 c5 2. d3 e6 3. Nc3 Nf6 4. f4 d6 5. Nf3 Nc6 6. h3 Be7 7. Be3 a6 8. Be2 b5
9. O-O Bb7 10. e5 dxe5 11. fxe5 Nd7 12. d4 cxd4 13. Bxd4 Nxd4 14. Nxd4 Bc5 15.
Bf3 Bxf3 16. Rxf3 Nxe5 17. Rf4 Qb6 18. Ne2 Rd8 19. c3 Nc4 20. Qd3 e5 21. Re4 O-O
22. b4 Bxd4+ 23. cxd4 exd4 24. Rxd4 Ne5 25. Qe4 Rfe8 26. Rd1 Rxd4 27. Nxd4 Kf8
28. Qxh7 Ng6 29. Qh5 Re5 30. Qf3 Re6 31. Kh1 Rf6 32. Qa8+ Ke7 33. Re1+ Kd6 34.
Rd1 Ke5 35. Nf3+ Rxf3 36. Qxf3 Nf4 37. Re1+ Kf5 38. Qg4+ {Black resigns} 1-0

[Event "Team 45 45 League T94"]
[Site "Internet Chess Club"]
[Date "2022.10.22"]
[Round "2"]
[White "Gilguli"]
[Black "ChessG2011"]
[Result "1-0"]
[WhiteElo "1417"]
[BlackElo "1337"]
[Opening "Vienna: Paulsen variation"]
[ECO "C25"]
[Time "14:01:14"]
[PlyCount "79"]
[TimeControl "2700+45"]

1. e4 e5 2. Nc3 Nc6 3. g3 Nf6 4. Bg2 Bc5 5. Nge2 O-O 6. O-O d6 7. h3 Bd7 8. Kh2
h6 9. d3 a6 10. f4 Bb6 11. f5 Kh7 12. g4 Rg8 13. Ng3 Kh8 14. h4 Nh7 15. Nce2
Qxh4+ 16. Bh3 Qe7 17. Kg2 Ng5 18. Rh1 f6 19. Ng1 Nd4 20. c3 Nc6 21. Nf3 Nxf3 22.
Kxf3 Be8 23. Bd2 Nd8 24. Qe2 Nf7 25. Rh2 Ng5+ 26. Bxg5 fxg5 27. Bg2 Kh7 28. Qd2
Bd7 29. Rah1 Qf6 30. Bf1 Rh8 31. Ke2 Raf8 32. Kd1 Qf7 33. b3 Qf6 34. Rh3 Kg8 35.
Nh5 Qf7 36. d4 exd4 37. Bc4 Qxc4 38. bxc4 dxc3 39. Qxc3 Re8 40. Qxg7# {Black
checkmated} 1-0

[Event "Team 45 45 League T94"]
[Site "Internet Chess Club"]
[Date "2022.10.23"]
[Round "2"]
[White "Davidorcinus"]
[Black "primerpaso"]
[Result "1-0"]
[WhiteElo "1809"]
[BlackElo "1791"]
[Opening "Sicilian: Najdorf"]
[ECO "B90"]
[Time "16:02:10"]
[PlyCount "55"]
[TimeControl "2700+45"]

1. e4 c5 2. Nf3 d6 3. d4 cxd4 4. Nxd4 Nf6 5. Nc3 a6 6. Rg1 e5 7. Nb3 Be6 8. g4
Nc6 9. g5 Nd7 10. Qf3 Nb4 11. Qd1 Nb6 12. a3 Nc6 13. Be3 Nc4 14. Bxc4 Bxc4 15.
Nd5 Bxd5 16. Qxd5 Qc7 17. O-O-O Rc8 18. Rd2 b5 19. Kb1 Be7 20. h4 b4 21. a4 O-O
22. h5 g6 23. hxg6 hxg6 24. f4 exf4 25. Bxf4 Ne5 26. Rh1 Nf3 27. Rf2 Nxg5 28.
Bxg5 {Black resigns} 1-0

[Event "Team 45 45 League T94"]
[Site "Internet Chess Club"]
[Date "2022.10.20"]
[Round "2"]
[White "Portola"]
[Black "hipopotamos"]
[Result "1/2-1/2"]
[WhiteElo "1638"]
[BlackElo "1756"]
[Opening "Queen's pawn game, Darooha variation "]
[ECO "D02"]
[Time "17:00:39"]
[PlyCount "90"]
[TimeControl "2700+45"]

1. d4 d5 2. Nf3 Nf6 3. c3 Nc6 4. Bg5 Bf5 5. Nbd2 e6 6. e3 Be7 7. Bb5 O-O 8. Bxc6
bxc6 9. Ne5 Qd6 10. Bf4 c5 11. Ng6 Qd7 12. Nxf8 Rxf8 13. O-O cxd4 14. cxd4 c5
15. dxc5 Bxc5 16. Qb3 Re8 17. Rac1 Bb6 18. Nf3 Be4 19. Ne5 Qb7 20. f3 Bf5 21. g4
Bg6 22. Nxg6 hxg6 23. Be5 Nd7 24. Bd4 e5 25. Bxb6 Nxb6 26. Rfe1 Qd7 27. Kg2 e4
28. h3 Nc4 29. f4 g5 30. Rcd1 Rc8 31. Re2 gxf4 32. exf4 f5 33. Qg3 d4 34. gxf5
d3 35. Rxe4 Qb7 36. Qf3 Qxb2+ 37. Kh1 Nd2 38. Qxd3 Nxe4 39. Qxe4 Qxa2 40. f6 Qb3
41. Re1 Qxh3+ 42. Kg1 Qg3+ 43. Kh1 Qh3+ 44. Kg1 Qg3+ 45. Kh1 Qh3+ {Game drawn by
repetition} 1/2-1/2

[Event "Team 45 45 League T94"]
[Site "Internet Chess Club"]
[Date "2022.10.19"]
[Round "2"]
[White "qs16"]
[Black "mongmong"]
[Result "1/2-1/2"]
[WhiteElo "1700"]
[BlackElo "1514"]
[Opening "Queen's pawn"]
[ECO "A40"]
[Time "17:30:09"]
[PlyCount "94"]
[TimeControl "2700+45"]

1. d4 e6 2. Bf4 Nf6 3. e3 d5 4. Bd3 Bd6 5. Bg3 b6 6. Nd2 Bb7 7. Ngf3 O-O 8. O-O
c5 9. c3 Nc6 10. a3 Qc7 11. Rc1 c4 12. Bc2 b5 13. Re1 Bxg3 14. hxg3 a6 15. e4
dxe4 16. Nxe4 Nxe4 17. Bxe4 Ne7 18. Qc2 Bxe4 19. Qxe4 Qc6 20. Qh4 Ng6 21. Qg4
Rad8 22. Ne5 Nxe5 23. Rxe5 Rd5 24. Rce1 Rfd8 25. f4 h6 26. f5 exf5 27. Qxf5 Rxe5
28. Rxe5 Qd7 29. Qe4 g6 30. Kh2 Kf8 31. Qf4 Kg7 32. Qe4 Kf8 33. Qe3 Kg7 34. Qf4
Re8 35. Kg1 Rxe5 36. Qxe5+ Kg8 37. Qe4 Qe6 38. Qxe6 fxe6 39. g4 Kf7 40. Kf2 Kf6
41. Kf3 Kg5 42. g3 h5 43. gxh5 gxh5 44. Kg2 Kf5 45. Kf3 Kg5 46. Kf2 Kf5 47. Kf3
Kg5 {Game drawn by repetition} 1/2-1/2

[Event "Team 45 45 League T94"]
[Site "Internet Chess Club"]
[Date "2022.10.22"]
[Round "2"]
[White "jjmolina1"]
[Black "fireball"]
[Result "1-0"]
[WhiteElo "1456"]
[BlackElo "1589"]
[Opening "French: MacCutcheon, Lasker variation"]
[ECO "C12"]
[Time "11:04:49"]
[PlyCount "127"]
[TimeControl "2700+45"]

1. e4 e6 2. d4 d5 3. Nc3 Nf6 4. Bg5 Bb4 5. e5 h6 6. Bd2 Bxc3 7. bxc3 Ne4 8. Bd3
Nxc3 9. Bxc3 Nc6 10. Nf3 O-O 11. Bd2 f5 12. Bb5 Bd7 13. Bxc6 Bxc6 14. c3 Bb5 15.
a4 Bc4 16. Qb1 b6 17. g3 g5 18. Ng1 Qe8 19. Qd1 Qg6 20. f4 gxf4 21. Bxf4 h5 22.
Nf3 Qg4 23. h3 Qg6 24. h4 Rf7 25. Nd2 Bd3 26. Qf3 Be4 27. Nxe4 fxe4 28. Qe3 Kh7
29. Kd2 Raf8 30. a5 b5 31. a6 Rb8 32. Rhb1 c6 33. Rf1 Rbf8 34. Rf2 Rf5 35. Raf1
Qf7 36. Qe2 Qg6 37. Bg5 Rxf2 38. Rxf2 Rxf2 39. Qxf2 Kg7 40. Qf6+ Qxf6 41. Bxf6+
Kg6 42. Ke3 Kf5 43. Bd8 Kg4 44. Kf2 Kh3 45. Bg5 Kg4 46. Bf4 Kh3 47. Ke3 Kg4 48.
Kf2 Kh3 49. Bg5 Kg4 50. Kg2 Kf5 51. Kh3 e3 52. Bxe3 Ke4 53. g4 hxg4+ 54. Kxg4
Kxe3 55. h5 Kd3 56. h6 Kxc3 57. h7 b4 58. h8=Q Kxd4 59. Qb8 c5 60. Qxa7 Kc4 61.
Qb6 b3 62. a7 d4 63. a8=Q d3 64. Qc8 {Black resigns} 1-0

[Event "Team 45 45 League T94"]
[Site "Internet Chess Club"]
[Date "2022.10.23"]
[Round "2"]
[White "fileman"]
[Black "Packerfan"]
[Result "1-0"]
[WhiteElo "1792"]
[BlackElo "1699"]
[Opening "Ruy Lopez: Schliemann defense"]
[ECO "C63"]
[Time "16:17:58"]
[PlyCount "117"]
[TimeControl "2700+45"]

1. e4 e5 2. Nf3 Nc6 3. Bb5 f5 4. d4 fxe4 5. Bxc6 dxc6 6. Nxe5 Nf6 7. Bg5 Bd6 8.
Nc3 Bf5 9. Qe2 O-O 10. O-O Qe8 11. Bxf6 gxf6 12. Ng4 Qg6 13. Ne3 Bd7 14. f3 f5
15. fxe4 fxe4 16. Rxf8+ Rxf8 17. Rf1 Rxf1+ 18. Nxf1 Bf5 19. a3 c5 20. dxc5 Bxc5+
21. Kh1 Qe6 22. Ng3 Bg6 23. Ngxe4 Bd4 24. h3 Bxc3 25. Nxc3 Qxe2 26. Nxe2 Bxc2
27. Kg1 Kf7 28. Kf2 c5 29. Ke3 Ke6 30. Nc3 a6 31. g4 b5 32. b4 c4 33. Kd4 Kd6
34. h4 h6 35. g5 hxg5 36. hxg5 Bg6 37. a4 Be8 38. Ne4+ Kc6 39. a5 Kd7 40. Nc5+
Ke7 41. Nxa6 Kf7 42. Nc7 Bc6 43. a6 Kg6 44. a7 Kxg5 45. a8=Q Bxa8 46. Nxa8 Kf5
47. Nc7 c3 48. Kxc3 Ke5 49. Nxb5 Kd5 50. Nd4 Kd6 51. Kc4 Kc7 52. Kb5 Kb7 53. Ne6
Kc8 54. Kc6 Kb8 55. Kb6 Ka8 56. Nc7+ Kb8 57. b5 Kc8 58. Na6 Kd7 59. Ka7 {Black
resigns} 1-0

[Event "Team 45 45 League T94"]
[Site "Internet Chess Club"]
[Date "2022.10.22"]
[Round "2"]
[White "ivanson"]
[Black "MrAbendroth"]
[Result "1-0"]
[WhiteElo "1591"]
[BlackElo "1585"]
[Opening "Sicilian: Alapin's variation (2.c3)"]
[ECO "B22"]
[Time "14:00:26"]
[PlyCount "77"]
[TimeControl "2700+45"]

1. e4 c5 2. c3 Nf6 3. e5 Nd5 4. Nf3 Nc6 5. d4 cxd4 6. cxd4 e6 7. Bc4 d6 8. Bxd5
exd5 9. O-O Be7 10. Nc3 dxe5 11. dxe5 d4 12. Ne2 d3 13. Nc3 Bg4 14. Bf4 g5 15.
Bg3 h5 16. h3 Bf5 17. Nd2 g4 18. hxg4 hxg4 19. Nde4 Qd7 20. Re1 O-O-O 21. Nd6+
Bxd6 22. exd6 Rh5 23. f3 Rdh8 24. Nd5 R8h6 25. Ne7+ Kb8 26. Nxf5 Rxf5 27. Qxd3
Rxd6 28. Qxd6+ Qxd6 29. Bxd6+ Kc8 30. f4 b6 31. Rac1 Kb7 32. Re3 Nd4 33. Rc7+
Ka6 34. b4 Rd5 35. Bf8 g3 36. Kf1 Rh5 37. Rxg3 Rh1+ 38. Kf2 Rd1 39. a4 {Black
resigns} 1-0

[Event "Team 45 45 League T94"]
[Site "Internet Chess Club"]
[Date "2022.10.22"]
[Round "2"]
[White "Egmont"]
[Black "RD1974"]
[Result "0-1"]
[WhiteElo "1668"]
[BlackElo "1626"]
[Opening "QGD: exchange, positional line"]
[ECO "D35"]
[Time "09:32:37"]
[PlyCount "126"]
[TimeControl "2700+45"]

1. d4 e6 2. c4 Nf6 3. Nc3 d5 4. cxd5 exd5 5. Bg5 Be7 6. Nf3 O-O 7. e3 h6 8. Bxf6
Bxf6 9. Bd3 Be6 10. O-O Nd7 11. b4 a6 12. a4 Nb6 13. Qe2 Qd6 14. Rfb1 Qc6 15.
Qb2 Nc4 16. Bxc4 dxc4 17. b5 Qd7 18. Rd1 c6 19. bxc6 bxc6 20. Rdc1 Rab8 21. Qa2
Rb4 22. a5 Rfb8 23. Rab1 Be7 24. Rxb4 Rxb4 25. Rb1 Qb7 26. Rxb4 Qxb4 27. Ne2 c3
28. Qc2 Bb3 29. Qxc3 Qxc3 30. Nxc3 Bb4 31. Ne4 Bxa5 32. Nc5 Bc4 33. Ne5 Bb5 34.
f3 f6 35. Ned3 Bc3 36. Kf2 a5 37. Ke2 a4 38. Kd1 a3 39. Kc2 a2 40. Nb3 a1=Q 41.
Nxa1 Bxa1 42. Nb4 Kf7 43. Na2 Bf1 44. g3 Bg2 45. f4 Be4+ 46. Kb3 Ke6 47. Nb4 Kd6
48. Na6 Bd5+ 49. Kc2 g5 50. Nc5 h5 51. Na4 gxf4 52. gxf4 h4 53. Kb1 Bxd4 54.
exd4 Bf3 55. Kc2 Ke6 56. Kd3 Kf5 57. Ke3 Kg4 58. Nc5 Bd5 59. Nd3 Kh3 60. Nf2+
Kxh2 61. Ng4+ Kg3 62. Nxf6 h3 63. Nh5+ Kh4 {White resigns} 0-1

[Event "Team 45 45 League T94"]
[Site "Internet Chess Club"]
[Date "2022.10.21"]
[Round "2"]
[White "vollmerj"]
[Black "LoseOften"]
[Result "0-1"]
[WhiteElo "1466"]
[BlackElo "1676"]
[Opening "Réti opening"]
[ECO "A05"]
[Time "06:30:08"]
[PlyCount "115"]
[TimeControl "2700+45"]

1. Nf3 Nf6 2. g3 c5 3. Bg2 Nc6 4. c3 e5 5. O-O d5 6. d4 e4 7. Ne5 Bd6 8. Nxc6
bxc6 9. Be3 Qe7 10. dxc5 Bxc5 11. Bxc5 Qxc5 12. Qd4 Qb5 13. b4 Qxe2 14. Nd2 O-O
15. Rfe1 Qb5 16. a4 Qb6 17. Nb3 Bf5 18. Qe5 Bg4 19. a5 Qa6 20. Bf1 Qc8 21. Nc5
Bf3 22. Ba6 Qh3 23. Bf1 Qh6 24. Qf4 Qh5 25. h4 h6 26. Bh3 Ng4 27. Nd7 Rfe8 28.
Bxg4 Bxg4 29. Nc5 Re5 30. Re3 Rae8 31. Rae1 Bf3 32. Kh2 g6 33. Nd7 Rf5 34. Nf6+
Rxf6 35. Qxf6 Re6 36. Qd4 g5 37. Rxf3 Qxf3 38. Qe3 Qf5 39. hxg5 hxg5 40. Kg2 Rh6
41. Rh1 Qf3+ 42. Qxf3 exf3+ 43. Kg1 Rxh1+ 44. Kxh1 g4 45. Kg1 Kg7 46. Kf1 Kf6
47. Ke1 Ke5 48. Kd2 Ke4 49. Kc2 a6 50. Kd2 f5 51. Kc2 f4 52. gxf4 Kxf4 53. Kd3
g3 54. fxg3+ Kxg3 55. Kd4 f2 56. Kc5 f1=Q 57. Kxc6 Qb5+ 58. Kd6 {White resigns}
0-1

[Event "Team 45 45 League T94"]
[Site "Internet Chess Club"]
[Date "2022.10.21"]
[Round "2"]
[White "tightfist"]
[Black "mongmong"]
[Result "1/2-1/2"]
[WhiteElo "1422"]
[BlackElo "1502"]
[Opening "French: Réti (Spielmann) variation"]
[ECO "A01"]
[Time "20:01:00"]
[PlyCount "108"]
[TimeControl "2700+45"]

1. b3 e6 2. e4 Nf6 3. d3 Be7 4. Bb2 O-O 5. Nf3 d5 6. e5 Nfd7 7. Be2 c5 8. c3 Nc6
9. d4 cxd4 10. cxd4 a6 11. O-O b5 12. a3 Bb7 13. Nbd2 Rc8 14. Rc1 Qb6 15. Re1 a5
16. Nf1 b4 17. a4 Ba6 18. Ng3 Bxe2 19. Rxe2 Na7 20. Rec2 Qb7 21. Qd2 Rxc2 22.
Rxc2 Rc8 23. Qc1 Rxc2 24. Qxc2 Qc6 25. Qd3 f6 26. h3 fxe5 27. Nxe5 Nxe5 28. dxe5
Bg5 29. Ne2 Qb7 30. Nd4 Qc8 31. Nb5 Nc6 32. Qc2 Qd7 33. Qc5 Be7 34. Qb6 Bd8 35.
Qe3 Be7 36. Kf1 Qd8 37. f4 Qc8 38. Qb6 Bd8 39. Qc5 Be7 40. Qc1 Qd7 41. Nd4 Na7
42. Ke2 Kf7 43. g4 Qc8 44. Qb1 g6 45. Qd3 Bc5 46. Nf3 Qb7 47. Ng5+ Ke7 48. Nxh7
Qb6 49. Qxg6 Bg1 50. Qf6+ Ke8 51. Qf8+ Kd7 52. Nf6+ Kc7 53. Qe7+ Kc8 54. Qe8+
Kb7 {Game drawn by mutual agreement} 1/2-1/2

[Event "Team 45 45 League T94"]
[Site "Internet Chess Club"]
[Date "2022.10.23"]
[Round "2"]
[White "Kingofknights"]
[Black "olivermx"]
[Result "1-0"]
[WhiteElo "1510"]
[BlackElo "1342"]
[Opening "QGA, 4.Nc3"]
[ECO "D24"]
[Time "11:03:29"]
[PlyCount "133"]
[TimeControl "2700+45"]

1. d4 d5 2. c4 dxc4 3. Nf3 Nf6 4. Nc3 e6 5. a3 b6 6. e4 Bb7 7. e5 Nd5 8. Bxc4
Nxc3 9. bxc3 Be7 10. Be3 O-O 11. Bd3 Nd7 12. O-O a6 13. Qe2 b5 14. a4 c6 15.
axb5 axb5 16. Qb2 Qc7 17. Rfc1 Nb6 18. Qc2 Nd5 19. Bxh7+ Kh8 20. Be4 Qd7 21. Qe2
Kg8 22. c4 bxc4 23. Qxc4 f5 24. exf6 gxf6 25. Rab1 Kf7 26. Bg5 Bd6 27. Bh4 Rfc8
28. Bg3 Ba6 29. Qc2 Bb5 30. Bxd6 Qxd6 31. Qd2 Rg8 32. Bd3 Bxd3 33. Qxd3 Nf4 34.
Qc2 Nxg2 35. Kh1 Rab8 36. Rxb8 Qxb8 37. Qxc6 Nf4 38. Qd7+ Kg6 39. Rg1+ Kf5 40.
Nh4+ Ke4 41. Re1+ Kd3 42. Qc6 Qa8 43. Qxa8 Rxa8 44. Nf3 Kc4 45. h4 Kd5 46. Kh2
Rh8 47. Kg3 Ng6 48. Kg4 Ne7 49. h5 Nf5 50. Nh4 Ng7 51. Ng6 Rh6 52. Nf4+ Kd6 53.
Rh1 Nf5 54. d5 Ng7 55. dxe6 Nxe6 56. Nxe6 Kxe6 57. f4 Kf7 58. f5 Kg7 59. Rc1 Kf7
60. Rc7+ Ke8 61. Rg7 Rh8 62. Rg6 Kf7 63. h6 Rh7 64. Kh5 Rh8 65. Rg7+ Kf8 66. Kg6
Ke8 67. h7 {Black resigns} 1-0

[Event "Team 45 45 League T94"]
[Site "Internet Chess Club"]
[Date "2022.10.22"]
[Round "2"]
[White "axelcaffe2010"]
[Black "Toalla"]
[Result "0-1"]
[WhiteElo "1231"]
[BlackElo "1128"]
[Opening "Sicilian defense"]
[ECO "B20"]
[Time "12:01:12"]
[PlyCount "72"]
[TimeControl "2700+45"]

1. e4 c5 2. Bc4 e6 3. Nc3 a6 4. a4 Nc6 5. d3 Be7 6. Nf3 h6 7. Be3 Nf6 8. Qd2 Ng4
9. Bf4 O-O 10. h3 Nf6 11. g4 d6 12. Be3 d5 13. exd5 exd5 14. Nxd5 Nxd5 15. Bxd5
Qxd5 16. Qe2 Ne5 17. Rf1 Nxf3+ 18. Kd1 Re8 19. c4 Qc6 20. Qc2 Bf6 21. Kc1 Nd4
22. Qd1 Be6 23. Kb1 Rad8 24. Ka2 b5 25. Qc1 bxc4 26. dxc4 Qxa4+ 27. Kb1 Qxc4 28.
Qxc4 Bxc4 29. Rc1 Bd3+ 30. Ka2 c4 31. Ka3 Nb3 32. Ka2 Nxa1 33. Rxa1 Rb8 34. Re1
Rxb2+ 35. Ka3 Reb8 36. Ka4 Ra2# {White checkmated} 0-1

[Event "Team 45 45 League T94"]
[Site "Internet Chess Club"]
[Date "2022.10.21"]
[Round "2"]
[White "kabubi"]
[Black "GINGERsar"]
[Result "1-0"]
[WhiteElo "1156"]
[BlackElo "1155"]
[Opening "Giuoco Piano: Greco's attack"]
[ECO "C54"]
[Time "17:30:49"]
[PlyCount "67"]
[TimeControl "2700+45"]

1. e4 e5 2. Nf3 Nc6 3. Bc4 Bc5 4. c3 Nf6 5. d4 exd4 6. cxd4 Bb4+ 7. Nc3 Bxc3+ 8.
bxc3 Nxe4 9. O-O d5 10. Re1 O-O 11. Ba3 Re8 12. Qc2 Bf5 13. Bd3 Qf6 14. Rab1 b6
15. Rb5 Re7 16. Bxe7 Nxe7 17. Ne5 Nd6 18. Rbb1 Bxd3 19. Qxd3 Ne4 20. f3 Ng5 21.
Ng4 Qd6 22. Qd2 h6 23. f4 Ne4 24. Qe3 Nf5 25. Qc1 Qg6 26. Ne5 Qd6 27. Qc2 f6 28.
Nd3 c5 29. dxc5 bxc5 30. g4 Nh4 31. Re3 c4 32. Nf2 Ng6 33. Nxe4 dxe4 34. Qxe4
{Black resigns} 1-0

[Event "Team 45 45 League T94"]
[Site "Internet Chess Club"]
[Date "2022.10.23"]
[Round "2"]
[White "clarinetref"]
[Black "julesraider"]
[Result "1-0"]
[WhiteElo "1496"]
[BlackElo "1613"]
[Opening "Caro-Kann: exchange variation"]
[ECO "B13"]
[Time "20:04:00"]
[PlyCount "83"]
[TimeControl "2700+45"]

1. e4 c6 2. d4 d5 3. exd5 cxd5 4. Bd3 Nc6 5. c3 Nf6 6. Bg5 Bg4 7. f3 Bh5 8. Ne2
Bg6 9. Nf4 Bxd3 10. Nxd3 e6 11. Nd2 Be7 12. Nb3 Qc7 13. Bf4 Bd6 14. Bxd6 Qxd6
15. O-O O-O 16. Qe2 b6 17. Ne5 Rac8 18. Rfe1 Ne7 19. Nc1 Nf5 20. Ncd3 a5 21. Qf2
b5 22. a3 Ra8 23. g4 Ne7 24. Qe2 b4 25. axb4 axb4 26. Nxb4 Rfb8 27. Ra3 Rxa3 28.
bxa3 Ra8 29. Qb2 Nd7 30. Nxd7 Qxd7 31. Nd3 Qa7 32. Ra1 Nc6 33. Nc5 Rb8 34. Qe2
Rb6 35. a4 Na5 36. Qc2 Nc4 37. a5 Rb2 38. Qa4 h6 39. Qe8+ Kh7 40. Nd7 Kg6 41.
Qe7 Qb7 42. Nf8# {Black checkmated} 1-0

[Event "Team 45 45 League T94"]
[Site "Internet Chess Club"]
[Date "2022.10.21"]
[Round "2"]
[White "xingon"]
[Black "herrahuu"]
[Result "0-1"]
[WhiteElo "1271"]
[BlackElo "1492"]
[Opening "Old Benoni defense"]
[ECO "A43"]
[Time "12:18:25"]
[PlyCount "38"]
[TimeControl "2700+45"]

1. d4 c5 2. e3 d5 3. Nf3 Nc6 4. b3 Bg4 5. Bb2 e6 6. Be2 Nf6 7. Nbd2 cxd4 8. Nxd4
Bxe2 9. Qxe2 Qb6 10. N2f3 Be7 11. Nxc6 Qxc6 12. Ne5 Bb4+ 13. Kf1 Qb6 14. a4 O-O
15. Ng4 Ne4 16. Rd1 Bc3 17. Ba3 Rfc8 18. f3 Nd6 19. Kf2 h5 {White resigns} 0-1

[Event "Team 45 45 League T94"]
[Site "Internet Chess Club"]
[Date "2022.10.20"]
[Round "2"]
[White "SeniorCitizen"]
[Black "Balderdash"]
[Result "0-1"]
[WhiteElo "1282"]
[BlackElo "1216"]
[Opening "Danish gambit"]
[ECO "C21"]
[Time "14:00:23"]
[PlyCount "38"]
[TimeControl "2700+45"]

1. e4 e5 2. d4 exd4 3. c3 Qf6 4. Qxd4 Nc6 5. Qxf6 Nxf6 6. Bd3 Bc5 7. Nf3 d5 8.
exd5 Ne7 9. c4 Ng4 10. O-O Bf5 11. Bxf5 Nxf5 12. h3 Nf6 13. Re1+ Ne7 14. Bg5
O-O-O 15. Bxf6 gxf6 16. Re2 Nf5 17. Rc2 Rhg8 18. Nc3 Nd4 19. Rd2 Nxf3+ {White
resigns} 0-1

[Event "Team 45 45 League T94"]
[Site "Internet Chess Club"]
[Date "2022.10.22"]
[Round "2"]
[White "pandaknight"]
[Black "woofgang"]
[Result "0-1"]
[WhiteElo "1073"]
[BlackElo "1178"]
[Opening "Old Indian defense"]
[ECO "A53"]
[Time "14:01:51"]
[PlyCount "62"]
[TimeControl "2700+45"]

1. c4 d6 2. d4 Nf6 3. Nc3 Nbd7 4. e4 e5 5. d5 c5 6. Nf3 Be7 7. Be2 h6 8. O-O g5
9. Bd2 Nf8 10. h3 Ng6 11. Nh2 Nf4 12. Bg4 h5 13. Bxc8 Rxc8 14. g3 Nxh3+ 15. Kg2
g4 16. Ne2 Nxe4 17. Be3 Qd7 18. Ng1 Nxg1 19. Rxg1 Rg8 20. Kh1 Bg5 21. Qe2 f5 22.
f3 Bxe3 23. Qxe3 Nxg3+ 24. Kg2 f4 25. Qd3 gxf3+ 26. Kxf3 Kd8 27. Nf1 Kc7 28.
Nxg3 Qg4+ 29. Kf2 fxg3+ 30. Qxg3 Rcd8 31. Rg2 Qd4+ {White resigns} 0-1

[Event "Team 45 45 League T94"]
[Site "Internet Chess Club"]
[Date "2022.10.24"]
[Round "2"]
[White "ARMAND02019"]
[Black "kabindra"]
[Result "0-1"]
[WhiteElo "1589"]
[BlackElo "1730"]
[Opening "QGA: 3.e4"]
[ECO "D20"]
[Time "17:03:37"]
[PlyCount "70"]
[TimeControl "2700+45"]

1. d4 d5 2. c4 dxc4 3. e4 Nc6 4. Nf3 Bg4 5. Be3 Bxf3 6. gxf3 e6 7. Bxc4 Bb4+ 8.
Nc3 Nf6 9. Rg1 Nh5 10. f4 Qh4 11. Rg5 g6 12. d5 O-O-O 13. Qb3 Nxf4 14. dxc6 Qxg5
15. Bxf4 Qxf4 16. Qxb4 Rde8 17. Qxb7+ Kd8 18. Rd1+ Ke7 19. Rd7+ Kf6 20. Rxc7
Rhf8 21. Qxa7 Ra8 22. Qd4+ Kg5 23. Ne2 Qxc7 24. Qe3+ Kf6 25. f4 Qxc6 26. Qd4+
Ke7 27. f5 Rfd8 28. f6+ Ke8 29. Qc3 Rac8 30. b3 Qxe4 31. Bb5+ Kf8 32. Qh3 h5 33.
Bc4 Rc5 34. Qc3 Qh1+ 35. Kf2 Rf5+ {White resigns} 0-1

[Event "Team 45 45 League T94"]
[Site "Internet Chess Club"]
[Date "2022.10.23"]
[Round "2"]
[White "BrianWood"]
[Black "Tjet"]
[Result "1/2-1/2"]
[WhiteElo "1513"]
[BlackElo "1215"]
[Opening "King's Indian: Semi-Averbakh system"]
[ECO "E73"]
[Time "20:00:29"]
[PlyCount "29"]
[TimeControl "2700+45"]

1. d4 d6 2. c4 Nf6 3. Nc3 g6 4. e4 Bg7 5. Be2 O-O 6. Be3 Nbd7 7. Nf3 c5 8. O-O
cxd4 9. Nxd4 Nc5 10. f3 b6 11. Qd2 Bb7 12. Rac1 Nfd7 13. b4 Na6 14. a3 Nc7 15.
Bh6 {Game drawn by mutual agreement} 1/2-1/2

[Event "Team 45 45 League T94"]
[Site "Internet Chess Club"]
[Date "2022.10.22"]
[Round "2"]
[White "dwmt"]
[Black "NATYNL09"]
[Result "1-0"]
[WhiteElo "1194"]
[BlackElo "1142"]
[Opening "Giuoco Piano"]
[ECO "C50"]
[Time "20:11:29"]
[PlyCount "111"]
[TimeControl "2700+45"]

1. Nf3 Nc6 2. e4 e5 3. Bc4 Bc5 4. O-O Nf6 5. d3 d6 6. a3 Be6 7. Bxe6 fxe6 8.
Nbd2 O-O 9. b4 Bb6 10. Rb1 Qd7 11. a4 a6 12. a5 Ba7 13. h3 Nd4 14. Nxd4 Bxd4 15.
Nf3 Ba7 16. Re1 Rae8 17. Be3 Bd4 18. Bxd4 exd4 19. Nxd4 e5 20. Nf3 Qf7 21. c3
Qh5 22. Nh2 Qg6 23. g3 Nh5 24. Qg4 Qf6 25. Re2 Qh6 26. Reb2 Nf6 27. Qh4 Qg6 28.
g4 Nd7 29. f3 h6 30. Qg3 Qg5 31. Re2 Qf4 32. Qxf4 Rxf4 33. d4 Rf7 34. d5 c6 35.
c4 cxd5 36. cxd5 Rf6 37. Kg2 Ref8 38. Rf2 b6 39. Kg3 bxa5 40. bxa5 Nc5 41. Rd2
Rg6 42. Rdb2 Nd7 43. Rb7 Rd8 44. Rc1 Nc5 45. Rb6 Nd7 46. Rxa6 Nc5 47. Rb6 Nd7
48. Rbb1 Nc5 49. Rb5 Nd3 50. Rcb1 Nc5 51. Rb8 Rxb8 52. Rxb8+ Kh7 53. Rb1 Nd3 54.
a6 Rf6 55. a7 Rf8 56. Rb8 {Black resigns} 1-0

[Event "Team 45 45 League T94"]
[Site "Internet Chess Club"]
[Date "2022.10.20"]
[Round "2"]
[White "elmaestro"]
[Black "fhunfi"]
[Result "1-0"]
[WhiteElo "1668"]
[BlackElo "1670"]
[Opening "English opening"]
[ECO "A20"]
[Time "11:34:09"]
[PlyCount "95"]
[TimeControl "2700+45"]

1. c4 e5 2. g3 Nc6 3. Bg2 f5 4. d3 Nf6 5. Nc3 Be7 6. e3 O-O 7. Nge2 d6 8. O-O
Qe8 9. d4 e4 10. f3 exf3 11. Bxf3 Bd8 12. a3 a5 13. Nf4 Nb8 14. b3 c6 15. Qd3 g5
16. Nfe2 Qg6 17. Bg2 Re8 18. d5 c5 19. Bb2 Ng4 20. e4 Ne5 21. Qc2 f4 22. gxf4
Ng4 23. Qd3 gxf4 24. Nxf4 Ne5 25. Qg3 Qxg3 26. hxg3 Bd7 27. Kh2 Na6 28. Bh3 Bxh3
29. Kxh3 Nc7 30. a4 Bf6 31. Nb5 Nxb5 32. axb5 Bh8 33. Ne6 Re7 34. Rxa5 Rae8 35.
Ra2 Bg7 36. Ba1 Rf7 37. Rxf7 Kxf7 38. Ra7 Re7 39. Nd8+ Ke8 40. Nxb7 Bh6 41. Nxc5
Rxa7 42. Bxe5 dxe5 43. b6 Ra8 44. Ne6 Kd7 45. c5 Be3 46. c6+ Kd6 47. b7 Rg8 48.
c7 {Black resigns} 1-0